 Dungeon Crawl Stone Soup version 0.20-a0-465-g6513c8f (webtiles) character file.

305 FrankyJ the Covered (level 6, -10/78 HPs)
             Began as a Minotaur Berserker on Jan 11, 2017.
             Was a Priest of Trog.
             Killed by divine providence
             ... invoked by an orc priest
              (12 damage)
             ... on level 4 of the Dungeon on Jan 12, 2017.
             The game lasted 00:09:54 (4450 turns).

FrankyJ the Covered (Minotaur Berserker)            Turns: 4450, Time: 00:09:55

Health: -10/78     AC:  2    Str: 26    XL:     6   Next: 16%
Magic:  5/5        EV: 15    Int:  4    God:    Trog [***...]
Gold:   197        SH:  4    Dex: 14    Spells: 5/5 levels left

rFire  . . .     SeeInvis .     a - +0 spear
rCold  . . .     Gourm    .     b - +0 animal skin
rNeg   . . .     Faith    .     (no shield)
rPois  .         Spirit   .     (helmet restricted)
rElec  .         Reflect  .     (no cloak)
rCorr  .         Harm     .     (no gloves)
MR     .....                    (no boots)
Stlth  ..........               (no amulet)
                                (no ring)
                                (no ring)

@: berserking, lethally poisoned (-10 -> -14), very quick
A: retaliatory headbutt, horns 2, large bone plates 1, agile 1
a: Berserk, Trog's Hand, Burn Spellbooks, Renounce Religion


You were on level 4 of the Dungeon.
You worshipped Trog.
Trog was most pleased with you.
You were very hungry.

You visited 1 branch of the dungeon, and saw 4 of its levels.

You collected 197 gold pieces.

Inventory:

Hand Weapons
 a - a +0 spear (weapon)
 r - a +0 dagger of venom
 s - a cursed -3 trident
Armour
 b - a +0 animal skin (worn)
Wands
 k - a wand of lightning (8/15)
Scrolls
 d - 3 scrolls of amnesia {unknown}
 e - 5 scrolls of identify {unknown}
 f - 3 scrolls of immolation {unknown}
 h - 2 scrolls of remove curse {unknown}
 l - 3 scrolls of fear {unknown}
 m - a scroll of noise {unknown}
Potions
 g - a potion of brilliance {unknown}
 j - a potion of cure mutation {unknown}
 n - a potion of degeneration {unknown}
 o - 2 potions of flight {unknown}
 p - 2 potions of mutation
 q - a potion of lignification {unknown}
Comestibles
 c - 5 bread rations
 i - 4 meat rations
 t - a chunk of flesh
 u - a beef jerky


   Skills:
 - Level 4.1 Fighting
 - Level 4.1 Polearms
 + Level 5.2 Armour
 + Level 5.2 Dodging


You had 5 spell levels left.
You didn't know any spells.

Dungeon Overview and Level Annotations

Branches:
Dungeon (4/15)
 Temple: D:4-7

Altars:


Innate Abilities, Weirdness & Mutations

You reflexively headbutt those who attack you in melee.
You have a pair of horns on your head.
You are partially covered in large bone plates. (SH +4)
You are agile. (Dex +2)


Message History

You feel sick.
The orc priest calls upon Beogh to heal the orc priest.
The orc priest is healed somewhat.
You feel sick. The adder misses you.
Okay, then.
It was a potion of mutation.
You feel extremely strange.
Large bone plates grow over parts of your arms.
You feel agile. The adder bites you.
* * * LOW HITPOINT WARNING * * *
You are more poisoned.
The adder poisons you!
A red film seems to cover your vision as you go berserk!
You feel yourself moving faster!
You feel mighty!
You are feeling very hungry.
* * * LOW HITPOINT WARNING * * *
You feel sick. You block the adder's attack.
The orc priest calls down the wrath of Beogh upon you.
Beogh smites you!
You die...

...>..### ....... ....#
#.####### #+#)..# #.......#
#.....# #######.### #....##
..........# #....#####.
#.......###.######o.........
................@So#..######
#.......###.########..#
........'........# #..#
#.......###.####.# #..#
#.......# ###.# #..#
#.......# ....###..#
####..########........#
####..##..............#
#.....................#


You could see 2 orc priests and an adder.

Vanquished Creatures
  A phantom (D:4)
  A hound (D:4)
  A worker ant (D:4)
  An orc wizard (D:3)
  4 adders
  2 worms (D:3)
  4 dart slugs
  A leopard gecko (D:2)
  11 orcs
  8 bats
  5 giant cockroaches
  6 goblins
  7 hobgoblins
  6 jackals (D:2)
  3 quokkas
  3 ball pythons
  4 frilled lizards
  10 kobolds
  4 rats
82 creatures vanquished.

Notes
Turn   | Place    | Note
-------+----------+-------------------------------------------
     0 | D:1      | FrankyJ the Minotaur Berserker began the quest for the Orb.
     0 | D:1      | Reached XP level 1. HP: 19/19 MP: 0/0
   334 | D:1      | Reached XP level 2. HP: 27/27 MP: 1/1
  1214 | D:2      | Reached XP level 3. HP: 13/33 MP: 2/2
  1630 | D:2      | Upgraded the game from 0.20-a0-463-g5747544 to 0.20-a0-465-g6513c8f
  1689 | D:2      | Reached ** piety under Trog
  2422 | D:3      | Reached XP level 4. HP: 40/40 MP: 3/3
  3283 | D:3      | Reached XP level 5. HP: 46/46 MP: 4/4
  4089 | D:4      | Noticed a phantom
  4119 | D:4      | Killed a phantom
  4119 | D:4      | Reached skill level 5 in Armour
  4119 | D:4      | Reached skill level 5 in Dodging
  4119 | D:4      | Reached XP level 6. HP: 34/52 MP: 5/5
  4438 | D:4      | Reached *** piety under Trog
  4449 | D:4      | Gained mutation: You are partially covered in large bone plates. (SH +4) [potion of mutation]
  4449 | D:4      | Gained mutation: You are agile. (Dex +2) [potion of mutation]
  4449 | D:4      | HP: 2/52 [adder (3)]
  4450 | D:4      | Killed from afar by an orc priest

Vault maps used:
D:1:      matt_arrival_grand_opening
D:2:      first_bread
D:4:      nicolae_overflow_crystal_walls,
          chequers_temple_overflow_statue_of_worship

Skill      XL: |  1  2  3  4  5 |
---------------+----------------+-----
Fighting       | 4 |  4.1
Polearms       | 4 |  4.1
Armour         | 3 4 5 |  5.2
Dodging        | 3 4 5 |  5.2

Action                   |  1- 3 |  4- 6 || total
-------------------------+-------+-------++-------
Melee: Spear             |   119 |   134 ||   253
       Headbutt          |     9 |    23 ||    32
Invok: Berserk           |       |     2 ||     2
  Use: Potion            |       |     1 ||     1
 Stab: Sleeping          |     1 |     1 ||     2
  Eat: Chunk             |     5 |     7 ||    12
Armor: Animal skin       |    10 |    11 ||    21
Dodge: Dodged            |    44 |    71 ||   115
Block: Other             |       |     1 ||     1
